AoeStats
← 乂sphoun乂

Arena

506576223Analyzed
3v3 RM · 17d ago on Sep 14, 2026· 36m 59s· 6 players
Game mode
Random Map
Map size
Normal (6 player)
Population
200
Speed
Normal
Resources
Standard
Victory
Conquest
Starting age
Dark Age
Ending age
Imperial Age
RankedLock teamsTeams togetherTeam positionsShared explorationLock speedFull tech treeHidden civsTurbo modeCheats
Victory
Defeat
🇧🇷 Cumans · Brazil
1061
+15
🇵🇪 Saracens · Peru
1028
+17
🇹🇼 Italians · Taiwan
1022
+17
🇦🇷 Byzantines · Argentina
1080
-17
🇦🇷 Britons · Argentina
1076
-18
🇦🇷 Khmer · Argentina
984
-14
Z0RAK
9:12 Feudal Age
9:55 Double-Bit Axe
17:39 Castle Age
16:01 Stone Mining
16:22 Horse Collar
23:24 Bow Saw
29:05 Imperial Age
27:20 Padded Archer Armor
27:11 Fletching
28:10 Ballistics
28:47 Leather Archer Armor
28:27 Bodkin Arrow
29:26 Bodkin Arrow
28:53 Elite Skirmisher
32:05 Chemistry
33:09 Ring Archer Armor
32:40 Bracer
乂sphoun乂
12:35 Feudal Age
19:29 Castle Age
18:23 Stone Mining
25:46 Gold Mining
28:31 Tusk Swords
28:39 Horse Collar
28:59 Double-Bit Axe
29:03 Loom
32:40 Heavy Plow
35:30 Bow Saw
36:03 Gold Shaft Mining
36:10 Stone Shaft Mining
39:43 Imperial Age
Morta
7:38 Loom
9:26 Feudal Age
11:42 Double-Bit Axe
12:42 Man-at-Arms
20:05 Castle Age
21:51 Crossbowman
26:35 Pikeman
27:26 Fletching
29:22 Gold Mining
31:30 Bodkin Arrow
37:35 Imperial Age
35:44 Wheelbarrow
NEO
10:03 Feudal Age
10:31 Double-Bit Axe
12:07 Horse Collar
13:13 Gold Mining
18:22 Castle Age
16:46 Stone Mining
18:19 Loom
20:47 Heavy Plow
21:01 Bow Saw
25:02 Wheelbarrow
25:10 Bloodlines
26:19 Husbandry
27:44 Fletching
27:49 Town Watch
33:57 Imperial Age
32:48 Gold Shaft Mining
32:03 Light Cavalry
35:41 Chemistry
35:54 Hand Cart
36:03 Ballistics
36:21 Forging
CaOk_Emerson
6:48 Loom
9:43 Feudal Age
10:23 Double-Bit Axe
23:38 Castle Age
22:57 Horse Collar
23:10 Gold Mining
24:05 Bloodlines
25:05 Scale Barding Armor
29:26 Bloodlines
37:17 Imperial Age
35:46 Wheelbarrow
34:56 Town Watch
35:41 Bow Saw
36:20 Stone Mining
tyshuff
11:46 Feudal Age
16:22 Castle Age
14:15 Double-Bit Axe
14:42 Horse Collar
17:39 Heavy Plow
17:51 Bow Saw
27:42 Imperial Age
25:16 Gold Mining
25:56 Fletching
26:07 Padded Archer Armor
27:39 Wheelbarrow
27:28 Ballistics
27:23 Thumb Ring
27:40 Bodkin Arrow
28:01 Leather Archer Armor
29:13 Leather Archer Armor
30:14 Bracer
31:31 Chemistry
34:44 Loom
36:14 Ring Archer Armor
35:45 Scale Mail Armor
Connection lost

Rejoining the realm…

Still unreachable

The connection could not be restored.

Session expired

The server has moved on; the page needs a fresh start.